 Dungeon Crawl Stone Soup version 0.31-a0-844-gdc52ec4e09 (webtiles) character file.

Game seed: 14300760273033837566

1435 Ijustatesigmund the Magician (level 8, -17/48 HPs)
             Began as a Deep Elf Fire Elementalist on Sept 29, 2023.
             Was a Follower of Vehumet.
             Demolished by a two-headed ogre
             ... wielding a +0 dire flail
              (18 damage)
             ... on level 6 of the Dungeon.
             The game lasted 00:08:31 (5926 turns).

Ijustatesigmund the Magician (DEFE)                 Turns: 5926, Time: 00:08:32

Health: -17/48     AC:  7    Str: 11    XL:     8   Next: 45%
Magic:  15/21      EV: 12    Int: 23    God:    Vehumet [*.....]
Gold:   82         SH:  0    Dex: 15    Spells: 14/21 levels left

rFire   . . .        s - +4 short sword (spect)
rCold   + . .        (no shield)
rNeg    . . .        a - +2 robe {rC+}
rPois   .            (no helmet)
rElec   .            o - +1 cloak
rCorr   .            (no gloves)
SInv    .            e - +0 pair of boots
Will    .....        (no amulet)
Stlth   ++           k - +6 ring of strength
HPRegen 0.28/turn    n - ring of flight
MPRegen 0.17/turn

%: no passive effects
@: flying
A: no striking features
a: Renounce Religion


You were on level 6 of the Dungeon.
You worshipped Vehumet.
Vehumet was aware of your devotion.
You visited 1 branch of the dungeon, and saw 6 of its levels.

You collected 269 gold pieces.
You spent 187 gold pieces at shops.

Inventory:

Hand Weapons
 d - the +3 war axe of the Desolation of Salt {elec, rF- Will++ Str+2 SInv}
   (You bought it in a shop on level 4 of the Dungeon)

   Str+2:     It affects your strength (+2).
   rF-:       It makes you vulnerable to fire.
   Will++:    It greatly increases your willpower.
   SInv:      It lets you see invisible.
 s - a +4 spectral short sword (weapon)
Armour
 a - a +2 robe of cold resistance (worn)
 e - a +0 pair of boots (worn)
 o - a +1 cloak (worn)
Jewellery
 k - a +6 ring of strength (left hand)
 n - a ring of flight (right hand)
Wands
 v - a wand of mindburst (10)
Scrolls
 c - a scroll of revelation
 f - 2 scrolls of identify
 h - a scroll of vulnerability
 j - a scroll of noise {unknown}
 q - a scroll of torment {unknown}
 w - a scroll of fear
Potions
 b - a potion of magic
 g - 2 potions of lignification
 i - a potion of haste {unknown}
 l - a potion of attraction {unknown}
 m - a potion of brilliance {unknown}
 p - 2 potions of heal wounds {unknown}
 r - 2 potions of curing
 t - a potion of enlightenment {unknown}
 u - a potion of mutation {unknown}


   Skills:
 + Level 4.1 Fighting
 - Level 2.4 Dodging
 - Level 2.4 Stealth
 + Level 7.4 Spellcasting
 + Level 5.7 Conjurations
 + Level 6.6 Fire Magic


You had 14 spell levels left.
You knew the following spells:

 Your Spells              Type           Power      Damage    Failure   Level
a - Foxfire               Conj/Fire      100%       2x1d9     1%          1
b - Scorch                Fire           78%        2d8       1%          2
c - Flame Wave            Conj/Fire      37%        2d10      6%          4

Your spell library contained the following spells:

 Spells                   Type           Power      Damage    Failure   Level
 Freeze                   Ice            32%        1d5       8%          1
 Inner Flame              Hex/Fire       23%        N/A       5%          3
 Volatile Blastmotes      Fire/Tloc      46%        2d13      5%          3
 Stone Arrow              Conj/Erth      42%        3d9       7%          3
 Sandblast                Erth           16%        2d6       8%          1
 Passwall                 Tmut/Erth      6%         N/A       11%         2
 Brom's Barrelling Bould  Conj/Erth      21%        2d4       22%         4
 Animate Armour           Summ/Erth      16%        N/A       58%         4
 Summon Lightning Spire   Summ/Air       8%         N/A       58%         4
 Lee's Rapid Deconstruct  Erth           4%         3d5*      90%         5


Dungeon Overview and Level Annotations

Branches:
Dungeon (6/15)             Temple (0/1) D:5

Altars:
Dithmenos
Elyvilon
Gozag
Kikubaaqudgha
Ru
Uskayaw
Vehumet
Xom
Yredelemnul
Zin

Shops:
D:1 [   D:2 :   D:4 (


Message History

You can't see any susceptible monsters within range! (Use Z to cast anyway.)
You see here a hound corpse.
There is a stone staircase leading down here.
Found an orcbow.
You now have 79 gold pieces (gained 15).
Found 9 stones.
You now have 82 gold pieces (gained 3).
An adder comes into view.
The adder hisses angrily.
The adder bites you but does no damage.
Casting: Scorch (safe; 1% risk of failure)
Confirm with . or Enter, or press ? or * to list all spells.
Flames lash the adder.
You kill the adder!
Vehumet accepts your kill.
You feel your power returning.
You hear two shouts!
A two-headed ogre comes into view.
It is wielding a +0 dire flail and a +0 giant spiked club.
Casting: Scorch (safe; 1% risk of failure)
Confirm with . or Enter, or press ? or * to list all spells.
Flames lash the two-headed ogre.
The two-headed ogre is lightly wounded.
The two-headed ogre's fire resistance burns away.
Casting: Scorch (safe; 1% risk of failure)
Confirm with . or Enter, or press ? or * to list all spells.
Flames lash the two-headed ogre.
The two-headed ogre is burned terribly!
The two-headed ogre is moderately wounded.
The two-headed ogre hits you with a +0 dire flail!
The two-headed ogre hits you with a +0 giant spiked club.
Casting: Scorch (safe; 1% risk of failure)
Confirm with . or Enter, or press ? or * to list all spells.
Flames lash the two-headed ogre.
The two-headed ogre is burned terribly!
The two-headed ogre is heavily wounded.
The two-headed ogre hits you with a +0 dire flail!
* * * LOW HITPOINT WARNING * * *
The two-headed ogre misses you.
The two-headed ogre hits you with a +0 dire flail!
* * * LOW HITPOINT WARNING * * *
The two-headed ogre hits you with a +0 giant spiked club!!
You die...

#.. #..## #.... ...#
#..#### #..#..# #
#.......####..#..#
#.#.#.#.#..#.#..@O.#
#.#........#....##.#
....#.#.#..#.#........
...........#.#(....###
....#.#.#..#.########
...........#........#
...........#..#####.#
#......###.#..# #.#
#......# #.#..# #.#


You could see a two-headed ogre (combustible).

Vanquished Creatures
  2 black bears
  2 ogres (D:5)
  A phantom (D:5)
  A scorpion (D:5)
  5 wights (D:6)
  A howler monkey (D:4)
  6 hounds
  2 jellies (D:5)
  4 iguanas (D:5)
  2 sleepcaps
  An orc wizard (D:5)
  Terence (D:2)
  3 gnolls (D:5)
  7 adders
  3 white imps
  A worm (D:4)
  2 dart slugs
  7 orcs
  4 ball pythons
  5 endoplasms
  3 giant cockroaches
  7 goblins
  7 hobgoblins
  5 jackals
  5 quokkas
  6 bats
  3 frilled lizards
  12 kobolds
  4 rats
112 creatures vanquished.

Vanquished Creatures (collateral kills)
  A foxfire (D:5)
1 creature vanquished.

Vanquished Creatures (others)
  330 foxfires
330 creatures vanquished.

Grand Total: 443 creatures vanquished

Notes
Turn   | Place    | Note
-------+----------+-------------------------------------------
     0 | D:1      | Ijustatesigmund the Deep Elf Fire Elementalist began the
                  | quest for the Orb.
     0 | D:1      | Reached XP level 1. HP: 10/10 MP: 6/6
    14 | D:1      | Found Jeuceoc's Antique Armour Emporium.
   307 | D:1      | Reached XP level 2. HP: 16/16 MP: 5/8
   310 | D:1      | Learned a level 2 spell: Scorch
  1371 | D:2      | Reached XP level 3. HP: 20/20 MP: 8/10
  1457 | D:2      | Noticed Terence
  1464 | D:2      | Killed Terence
  1465 | D:2      | Reached skill level 1 in Fighting
  1701 | D:2      | Reached XP level 4. HP: 25/25 MP: 8/11
  1754 | D:2      | Found Pampeil's Book Emporium.
  2172 | D:3      | Found a glowing silver altar of Zin.
  2173 | D:3      | Found an opulent altar of Gozag.
  2237 | D:3      | Found a large runed translucent door.
  2237 | D:3      | Found a large runed translucent door.
  2287 | D:3      | Reached skill level 4 in Spellcasting
  3040 | D:3      | Found a white marble altar of Elyvilon.
  3045 | D:3      | Found a shadowy altar of Dithmenos.
  3151 | D:4      | Reached XP level 5. HP: 30/30 MP: 9/13
  3152 | D:4      | Noticed a black bear
  3162 | D:4      | Killed a black bear
  3422 | D:4      | Reached XP level 6. HP: 34/35 MP: 1/15
  3604 | D:4      | Reached skill level 5 in Spellcasting
  3824 | D:4      | Found Cexitih's Antique Weapon Emporium.
  3912 | D:4      | Learned a level 4 spell: Flame Wave
  4095 | D:4      | Found an ancient bone altar of Kikubaaqudgha.
  4099 | D:4      | Found a radiant altar of Vehumet.
  4099 | D:4      | Found a sacrificial altar of Ru.
  4099 | D:4      | Found a basalt altar of Yredelemnul.
  4101 | D:4      | Found a shimmering altar of Xom.
  4102 | D:4      | Found a hide-covered altar of Uskayaw.
  4107 | D:4      | Became a worshipper of Vehumet
  4255 | D:5      | Entered Level 5 of the Dungeon
  4380 | D:5      | Found a staircase to the Ecumenical Temple.
  4402 | D:5      | Reached skill level 5 in Fire Magic
  4410 | D:5      | Reached XP level 7. HP: 35/40 MP: 5/17
  4650 | D:4      | Bought a shimmering war axe for 187 gold pieces
  4650 | D:4      | Identified the +3 war axe of the Desolation of Salt {elec,
                  | rF- Will++ Str+2 SInv} (You bought it in a shop on level 4
                  | of the Dungeon)
  4697 | D:5      | Reached skill level 6 in Spellcasting
  5193 | D:5      | Reached skill level 5 in Conjurations
  5292 | D:5      | Reached XP level 8. HP: 40/47 MP: 12/20
  5387 | D:5      | Reached * piety under Vehumet
  5387 | D:5      | Offered knowledge of Freeze by Vehumet.
  5693 | D:6      | Reached skill level 7 in Spellcasting
  5919 | D:6      | Noticed a two-headed ogre
  5926 | D:6      | HP: 1/48 [two-headed ogre/+0 dire flail (11)]
  5926 | D:6      | Demolished by a two-headed ogre

Illustrated notes

Levels and vault maps discovered:
D:1:      scummos_arrival_simple_crosswalls, layout_basic, serial_shops, shop
D:2:      layout_basic, serial_shops, shop_fountains, minmay_pentomino_x2,
          uniq_terence
D:3:      layout_basic, grunt_temple_overflow_gold_and_silver,
          jmf_multi_god_temple2, corexii_hall_statues_l
D:4:      layout_cave_pools, minitemple, serial_shops,
          nicolae_shop_advertising_works [nicolae_subvault_shop_adworks],
          minmay_cut_off
D:5:      kennysheep_six_static_rooms, layout_basic,
          minmay_temple_entry_overgrown, minivault_4
D:6:      layout_basic, nemelex_diamond_rough_becter, serial_glass,
          glass_columns_b, glass_columns_a, glass_columns_a, glass_columns_b,
          glass_columns_b, glass_columns_c, minmay_misc_feat_room,
          wad_rectangle_vault, uniq_jeremiah, uniq_pikel, uniq_duvessa

Skill      XL: |  1  2  3  4  5  6  7  8 |
---------------+-------------------------+-----
Fighting       | 1 2 3 4 |  4.1
Conjurations   | 2 3 4 5 |  5.7
Spellcasting   | 4 5 6 7 |  7.4
Fire Magic     | 4 5 6 |  6.6
Dodging        | |  2.4
Stealth        | |  2.4

Action                     |  1- 3 |  4- 6 |  7- 9 || total
---------------------------+-------+-------+-------++-------
  Melee: Short sword       |    10 |       |       ||    10
   Cast: Foxfire           |    62 |    94 |    40 ||   196
         Scorch            |     9 |    22 |    31 ||    62
         Flame Wave        |       |       |     2 ||     2
    Use: Scroll            |       |    11 |       ||    11
         Potion            |       |     1 |       ||     1
 Armour: Robe              |     8 |    29 |    27 ||    64
  Dodge: Dodged            |    11 |    34 |    17 ||    62

Table legend: (Time is in decaauts)
 A = Elapsed time spent in this place.
 B = Non-inter-level travel time spent in this place.
 C = Inter-level travel time spent in this place.
 D = Time resting spent in this place.
 E = Time spent auto-exploring this place.
 F = Levels seen in this place.
 G = Mean time per level.
                   A        B        C        D        E       F      G
               +--------+--------+--------+--------+--------+-----+--------+
         Total |   5923 |   5757 |    166 |    534 |   4372 |   6 |  987.2 |
       Dungeon |   5923 |   5757 |    166 |    534 |   4372 |   6 |  987.2 |
               +--------+--------+--------+--------+--------+-----+--------+

Top non-repeatable levels by time:
     D:5: 1366 daAuts
     D:1: 1133 daAuts
     D:3: 1111 daAuts
     D:4: 1072 daAuts
     D:2: 995 daAuts
     D:6: 244 daAuts
